 Dungeon Crawl Stone Soup version 0.28-a0-612-gcfc00ec14d (webtiles) character file.

Game seed: 16384620070052825671

88 pokedragonboy the Magician (level 4, -3/24 HPs)
             Began as a Deep Elf Hedge Wizard on Oct 5, 2021.
             Slain by a gnoll (5 damage)
             ... on level 6 of the Dungeon.
             The game lasted 00:08:44 (2447 turns).

pokedragonboy the Magician (Deep Elf Hedge Wizard)  Turns: 2447, Time: 00:08:45

Health: -3/24      AC:  3    Str:  7    XL:     4   Next: 30%
Magic:  1/13       EV: 12    Int: 20    God:
Gold:   113        SH:  0    Dex: 14    Spells: 3/13 levels left

rFire   . . .      SeeInvis .   a - +0 dagger
rCold   . . .      Faith    .   (no shield)
rNeg    . . .      Spirit   .   b - +0 robe
rPois   .          Reflect  .   c - +0 hat
rElec   .          Harm     .   d - +0 cloak
rCorr   .          Rampage  .   (no gloves)
Will    .....                   (no boots)
Stlth   ++........              (no amulet)
HPRegen 0.08/turn               (no ring)
MPRegen 0.13/turn               (no ring)

@: no status effects
A: no striking features
a: no special abilities


You were on level 6 of the Dungeon.
You visited 1 branch of the dungeon, and saw 4 of its levels.

You collected 113 gold pieces.

Inventory:

Hand Weapons
 a - a +0 dagger (weapon)
Missiles
 l - 3 silver boomerangs
Armour
 b - a +0 robe (worn)
 c - a +0 hat (worn)
 d - a +0 cloak (worn)
Scrolls
 j - a scroll of enchant armour {unknown}
 m - a scroll of identify {unknown}
Potions
 e - a potion of heal wounds {unknown}
 f - a potion of curing
 g - a potion of magic {unknown}
 i - a potion of brilliance {unknown}
 k - a potion of mutation {unknown}


   Skills:
 - Level 2.4 Dodging
 - Level 2.4 Stealth
 * Level 5.4 Spellcasting
 * Level 2.8 Conjurations
 - Level 2.0 Summonings
 + Level 0.2 Necromancy
 - Level 2.0 Translocations


You had 3 spell levels left.
You knew the following spells:

 Your Spells              Type           Power      Damage    Failure   Level
a - Magic Dart            Conj           68%        1d6       3%          1
b - Call Imp              Summ           13%        N/A       8%          2
c - Mephitic Cloud        Conj/Pois/Air  9%         N/A       22%         3
m - Sublimation of Blood  Necr           3%         N/A       16%         2
n - Blink                 Tloc           N/A        N/A       8%          2

Your spell library contained the following spells:

 Spells                   Type           Power      Damage    Failure   Level
 Gell's Gravitas          Tloc           6%         N/A       14%         3
 Teleport Other           Tloc           13%        N/A       14%         3
 Slow                     Hex            5%         N/A       17%         2
 Wereblood                Tmut           5%         N/A       17%         2
 Conjure Flame            Conj/Fire      11%        6-21      19%         3
 Dispersal                Tloc           6%         N/A       100%        6
 Summon Hydra             Summ           6%         N/A       100%        7


Dungeon Overview and Level Annotations

Branches:
Dungeon (3/15)

Altars:

Shops:
D:2 =


Message History

Your white imp hits the centaur skeleton.
Your white imp freezes the centaur skeleton.
The centaur skeleton completely resists.
The centaur skeleton hits your white imp.
The centaur skeleton kicks your white imp but does no damage.
Something bites your white imp.
The centaur skeleton hits your white imp.
Your white imp dies!
Your white imp disappears in a puff of smoke!
A gnoll and a gnoll shaman come into view.
The gnoll shaman shouts!
Casting: Blink (safe; 8% risk of failure)
Confirm with . or Enter, or press ? or * to list all spells.
You blink.
Casting: Blink (safe; 8% risk of failure)
Confirm with . or Enter, or press ? or * to list all spells.
You blink.
A gnoll comes into view. It is wielding a +0 spear.
The gnoll shouts!
It was a potion of curing.
You feel better. The gnoll closely misses you.
As you read the scroll labelled QOOGHUG FIDGH, it crumbles to dust.
You hear a loud clanging noise!
It was a scroll of noise.
The gnoll closely misses you.
There are no items here.
Really read the scroll of noise? [Y]es or [N]o only, please.
Really read the scroll of noise? [Y]es or [N]o only, please.
Really read the scroll of noise? [Y]es or [N]o only, please.
Really read the scroll of noise?
As you read the scroll of noise, it crumbles to dust.
You hear a loud clanging noise!
The gnoll hits you from afar with a +0 spear.
The gnoll shaman hits you with a +0 club!
* * * LOW HITPOINT WARNING * * *
Unknown command.
You hit the gnoll shaman but do no damage.
The gnoll hits you from afar with a +0 spear.
You die...

#######..... ..........#
..........# ..........#
..(.......#########
...########.......##
...#...............#
..>#............g..#
...#.........ggg@..#
...#######.######.#####
.......###.######g##..#
.......#..g.#...#.....#
.......#....'...#.....#
.......#....#...#.....#
.......'S...#...#.....#
.......#....#ยง..#.....#
........S####'####....#


You could see a gnoll shaman and 4 gnolls.

Vanquished Creatures
  A gnoll (D:3)
  An adder (D:3)
  A worm (D:2)
  An orc (D:3)
  3 ball pythons
  4 bats
  4 endoplasms
  2 giant cockroaches
  4 hobgoblins
  3 kobolds
  4 quokkas
  2 frilled lizards
  3 goblins
  3 rats
36 creatures vanquished.

Vanquished Creatures (collateral kills)
  2 gnolls (D:3)
  A worm (D:2)
  A bat (D:2)
  A rat (D:3)
5 creatures vanquished.

Grand Total: 41 creatures vanquished

Notes
Turn   | Place    | Note
-------+----------+-------------------------------------------
     0 | D:1      | pokedragonboy the Deep Elf Hedge Wizard began the quest for
                  | the Orb.
     0 | D:1      | Reached XP level 1. HP: 10/10 MP: 7/7
   305 | D:1      | Reached XP level 2. HP: 15/15 MP: 4/9
   359 | D:1      | Learned a level 2 spell: Sublimation of Blood
   464 | D:1      | Learned a level 2 spell: Blink
  1082 | D:1      | Learned a level 2 spell: Call Imp
  1161 | D:2      | Found Otzaepatz's Jewellery Shoppe.
  1284 | D:2      | Reached XP level 3. HP: 14/19 MP: 1/11
  1695 | D:2      | Found a faded altar of an unknown god.
  1825 | D:2      | Learned a level 3 spell: Mephitic Cloud
  1880 | D:3      | Reached skill level 5 in Spellcasting
  1997 | D:3      | Reached XP level 4. HP: 21/24 MP: 8/13
  2325 | D:3      | You fall into a shaft and drop 3 floors!
  2447 | D:6      | Slain by a gnoll

Illustrated notes

Levels and vault maps discovered:
D:1:      eino_arrival_cavern_b, layout_basic
D:2:      layout_basic, dreamdust_ecumenical_altar_hidden_monk_grotto,
          serial_shops, shop
D:3:      layout_loops_ring, grunt_temple_overflow_open, serial_bayou_crossing
D:6:      layout_gridville, chequers_serial_rivers_marsh, uniq_eustachio

Skill      XL: |  1  2  3 |
---------------+----------+-----
Conjurations   | 2 |  2.8
Spellcasting   | 5 |  5.4
Summonings     | 2 |  2.0
Translocations | 2 |  2.0
Dodging        | |  2.4
Stealth        | |  2.4
Necromancy     | |  0.2

Action                   |  1- 3 |  4- 6 || total
-------------------------+-------+-------++-------
Melee: Dagger            |     5 |     8 ||    13
 Cast: Magic Dart        |    87 |    15 ||   102
       Call Imp          |     9 |     6 ||    15
       Blink             |       |     5 ||     5
  Use: Scroll            |       |     2 ||     2
       Potion            |       |     1 ||     1
Armor: Robe              |     3 |     4 ||     7
Dodge: Dodged            |    12 |    17 ||    29

Table legend: (Time is in decaauts)
 A = Elapsed time spent in this place.
 B = Non-inter-level travel time spent in this place.
 C = Inter-level travel time spent in this place.
 D = Time resting spent in this place.
 E = Time spent auto-exploring this place.
 F = Levels seen in this place.
 G = Mean time per level.
                   A        B        C        D        E       F      G
               +--------+--------+--------+--------+--------+-----+--------+
         Total |   2448 |   2369 |     79 |    508 |   1448 |   4 |  612.0 |
       Dungeon |   2448 |   2369 |     79 |    508 |   1448 |   4 |  612.0 |
               +--------+--------+--------+--------+--------+-----+--------+

Top non-repeatable levels by time:
     D:1: 1082 daAuts
     D:2: 767 daAuts
     D:3: 476 daAuts
     D:6: 121 daAuts
